 Dungeon Crawl Stone Soup version 0.26.1-11-gd32895ea62 (webtiles) character file.

Game seed: 16475824927968137333

134 promet the Sneak (level 5, -3/36 HPs)
             Began as an Octopode Brigand on June 19, 2021.
             Slain by a gnoll
             ... wielding a +0 spear
              (11 damage)
             ... on level 3 of the Dungeon.
             The game lasted 00:08:57 (2426 turns).

promet the Sneak (Octopode Brigand)                 Turns: 2426, Time: 00:08:57

Health: -3/36      AC:  1    Str: 16    XL:     5   Next: 17%
Magic:  5/5        EV: 14    Int: 14    God:
Gold:   142        SH:  7    Dex: 14    Spells: 4/4 levels left

rFire    . . .     SeeInvis .   a - +1 dagger (venom)
rCold    . . .     Faith    .   n - +0 kite shield
rNeg     . . .     Spirit   .   (helmet restricted)
rPois    .         Reflect  .   (no amulet)
rElec    .         Harm     .   i - +4 ring of evasion
rCorr    .         Rampage  .   p - +6 ring of strength
Will     .....                  (no ring)
Stlth    ++++......             (no ring)
HPRegen  0.12/turn              (no ring)
MPRegen  0.09/turn              (no ring)
                                (no ring)
                                (no ring)

@: no status effects
A: almost no armour, stealthy swim, amphibious, 8 rings, constrict 8, camouflage
1, gelatinous body 1
a: no special abilities


You were on level 3 of the Dungeon.
You visited 1 branch of the dungeon, and saw 3 of its levels.

You collected 142 gold pieces.

Inventory:

Hand Weapons
 a - a +1 dagger of venom (weapon)
 k - a +2 dagger
 q - a +3 mace
Missiles
 b - 21 poisoned darts (quivered)
 c - 2 curare-tipped darts
 d - 28 arrows
 e - 45 stones
 h - 17 bolts
 l - a throwing net
Armour
 n - a +0 kite shield (worn)
Jewellery
 i - a +4 ring of evasion (left tentacle)
 p - a +6 ring of strength (right tentacle)
Wands
 o - a wand of random effects (23)
Scrolls
 f - 3 scrolls of magic mapping
 g - 6 scrolls of identify
 j - a scroll of teleportation
 m - a scroll of fog


   Skills:
 * Level 2.8 Fighting
 + Level 2.7 Short Blades
 + Level 2.0 Throwing
 + Level 1.7 Dodging
 + Level 7.2 Stealth
 + Level 0.6 Shields


You had 4 spell levels left.
You didn't know any spells.
Your spell library was empty.

Dungeon Overview and Level Annotations

Branches:
Dungeon (3/15)

Altars:
Nemelex Xobeh
Ru

Annotations:
D:2 1 runed translucent door, Crazy Yiuf


Innate Abilities, Weirdness & Mutations

You cannot wear most types of armour.
You are very stealthy in the water. (Stealth+)
You are amphibious.
You can wear up to eight rings at the same time.
You can use your tentacles to constrict eight enemies at once.
Your skin changes colour to match your surroundings (Stealth+).
Your rubbery body absorbs attacks. (AC +1, EV +1)


Message History

You hit the gnoll but do no damage.
The gnoll is poisoned.
The gnoll is lightly wounded.
You constrict the gnoll. You block the gnoll's attack.
The gnoll hits you with a +0 spear.
You hit the gnoll.
The gnoll is moderately wounded.
You constrict the gnoll. You block the gnoll's attack.
The gnoll closely misses you.
You hit the gnoll.
The gnoll looks as sick as possible!
You squeeze the gnoll.
You kill the gnoll!
The gnoll hits you from afar with a +0 spear.
The gnoll hits you from afar with a +0 spear!
* * * LOW HITPOINT WARNING * * *
The gnoll barely misses you.
Found 22 gold pieces.
Things that are here:
a +0 spear; a gnoll corpse You closely miss the gnoll.
Your grab misses the gnoll. The gnoll hits you with a +0 spear!
You die...

.## # ...# .#
..$..
######..#
...$.##.^....
......#....
.......g.#
.... #@# #
..?..##†# .#
........####.#
.#.#..#.....#
#....#....##
#..# ###.#.#
#....#...# .#
#.
#.#.#.######..
.
#.............


You could see a gnoll.

Vanquished Creatures
  Jessica (D:2)
  2 gnolls (D:3)
  2 adders (D:2)
  A worm (D:2)
  3 dart slugs (D:1)
  2 leopard geckos
  A ball python (D:2)
  5 bats
  A giant cockroach (D:1)
  8 hobgoblins
  2 jackals (D:2)
  7 kobolds
  A quokka (D:2)
  5 frilled lizards
  11 goblins
  8 rats
60 creatures vanquished.

Notes
Turn   | Place    | Note
-------+----------+-------------------------------------------
     0 | D:1      | promet the Octopode Brigand began the quest for the Orb.
     0 | D:1      | Reached XP level 1. HP: 14/14 MP: 1/1
   244 | D:1      | Reached XP level 2. HP: 19/19 MP: 2/2
   348 | D:1      | Reached skill level 6 in Stealth
   486 | D:1      | Found a sparkling altar of Nemelex Xobeh.
   715 | D:1      | Reached XP level 3. HP: 24/24 MP: 3/3
  1319 | D:2      | Reached XP level 4. HP: 30/30 MP: 4/4
  1696 | D:2      | Found a sacrificial altar of Ru.
  1887 | D:2      | Noticed Jessica
  1894 | D:2      | Killed Jessica
  1936 | D:2      | Reached skill level 7 in Stealth
  2224 | D:2      | Found a runed translucent door.
  2225 | D:2      | Noticed Crazy Yiuf
  2420 | D:3      | Reached XP level 5. HP: 33/36 MP: 5/5
  2426 | D:3      | Slain by a gnoll

Illustrated notes

Levels and vault maps discovered:
D:1:      minmay_arrival_up_and_down, layout_basic, glass_columns_c,
          nemelex_altar_shiori
D:2:      layout_loops_ring, lemuel_crystal_altar, uniq_crazy_yiuf_cottage,
          uniq_jessica
D:3:      minmay_razor_zed, layout_loops_ring, uniq_robin, uniq_terence

Skill      XL: |  1  2  3  4 |
---------------+-------------+-----
Stealth        | 6 7 |  7.2
Fighting       | |  2.8
Short Blades   | |  2.7
Throwing       | |  2.0
Dodging        | |  1.7
Shields        | |  0.6

Action                   |  1- 3 |  4- 6 || total
-------------------------+-------+-------++-------
Melee: Dagger            |    72 |    37 ||   109
       Constrict         |    21 |     7 ||    28
       Tentacles         |    10 |     7 ||    17
  Use: Scroll            |     8 |       ||     8
 Stab: Sleeping          |    12 |     5 ||    17
Armor: Skin              |     5 |       ||     5
Dodge: Dodged            |    47 |    30 ||    77
Block: Kite shield       |       |     8 ||     8
